 Dungeon Crawl Stone Soup version 0.19.5 (webtiles) character file.

11 Gargoyl the Skirmisher (level 2, -1/26 HPs)
             Began as a Ghoul Abyssal Knight on Mar 24, 2017.
             Was a Follower of Lugonu.
             Slain by a giant cockroach (2 damage)
             ... on level 1 of the Dungeon.
             The game lasted 00:01:15 (128 turns).

Gargoyl the Skirmisher (Ghoul Abyssal Knight)        Turns: 128, Time: 00:01:16

Health: -1/26      AC:  3    Str: 15    XL:     2   Next: 29%
Magic:  2/2        EV: 11    Int:  7    God:    Lugonu [*.....]
Gold:   26         SH:  0    Dex:  8    Spells: 0 memorised, 1 level left

rFire  . . .     SeeInvis .     a - +1 hand axe
rCold  + . .     Gourm    .     b - +0 leather armour
rNeg   + + +     Faith    .     (no shield)
rPois  ∞         Spirit   .     (no helmet)
rElec  .         Reflect  .     (no cloak)
rCorr  .         Harm     .     (no gloves)
MR     .....                    (no boots)
Stlth  +.........               f - amulet of regeneration
                                (no ring)
                                (no ring)

@: rotting
A: rotting body, claws 1, carnivore 3, cold resistance 1, negative energy
resistance 3, slow regeneration 1, torment resistance, unbreathing
a: Depart the Abyss, Renounce Religion


You were on level 1 of the Dungeon.
You worshipped Lugonu.
Lugonu was aware of your devotion.
You were not hungry.

You visited 1 branch of the dungeon, and saw 1 of its levels.
You visited the Abyss 1 time.

You collected 26 gold pieces.

Inventory:

Hand Weapons
 a - a +1 hand axe (weapon)
Armour
 b - a +0 leather armour (worn)
Jewellery
 f - an amulet of regeneration (around neck)
Wands
 e - a wand of flame (7/48)
Comestibles
 c - a meat ration


   Skills:
 + Level 3.5 Fighting
 + Level 2.1 Axes
 * Level 1.9 Armour
 + Level 1.0 Dodging
 * Level 0.2 Stealth
 * Level 2.0 Invocations


You had one spell level left.
You didn't know any spells.

Dungeon Overview and Level Annotations

Branches:
Dungeon (1/15)

Altars:


Innate Abilities, Weirdness & Mutations

Your body is rotting away.
You thrive on raw meat.
You are immune to poison.
You have sharp fingernails.
You are carnivorous and can eat meat at any time.
Your flesh is cold resistant. (rC+)
You are immune to negative energy. (rN+++)
You regenerate slowly when monsters are visible.
You are immune to unholy pain and torment.
You can survive without breathing.


Message History

* * * LOW HITPOINT WARNING * * *
There is an open door here.
Things that are here:
a club; a hobgoblin skeleton A kobold opens the door.
The giant cockroach bites you.
* * * LOW HITPOINT WARNING * * *
You see here a stone.
You closely miss the giant cockroach.
The giant cockroach bites you but does no damage.
The jackal bites you.
* * * LOW HITPOINT WARNING * * *
The giant cockroach falls off the door.
A kobold opens the door.
Okay, then.
You hit the giant cockroach.
The giant cockroach is severely wounded.
You barely miss the jackal.
The jackal bites you but does no damage.
The giant cockroach completely misses you.
The jackal misses you. The giant cockroach bites you.
You die...

++++++### .
+....+..###...
+..h.'?.....##
+.@sK)(......#
+....'........
++++++.....)..
.........
.........
..(.......
..........
..........#


You could see a jackal, a giant cockroach and a kobold.

Vanquished Creatures
  An ufetubus (Abyss:2)
  A hobgoblin (D:1)
  2 jackals (D:1)
  A kobold (D:1)
  A rat (D:1)
6 creatures vanquished.

Vanquished Creatures (others)
  6 starspawn tentacles (Abyss:2)
6 creatures vanquished.

Grand Total: 12 creatures vanquished

Notes
Turn   | Place    | Note
-------+----------+-------------------------------------------
     0 | Abyss:1  | Gargoyl the Ghoul Abyssal Knight began the quest for the Orb.
     0 | Abyss:1  | Reached XP level 1. HP: 19/19 MP: 1/1
    40 | Abyss:2  | Reached skill level 1 in Dodging
    42 | Abyss:2  | Noticed a tentacled starspawn
    66 | Abyss:2  | Noticed a small abomination
    68 | Abyss:2  | Noticed a small abomination
   101 | Abyss:2  | Noticed a necromancer
   101 | Abyss:2  | Noticed a wolf spider zombie
   101 | Abyss:2  | Noticed a dire elephant zombie
   101 | Abyss:2  | Noticed a storm dragon simulacrum
   101 | Abyss:2  | Noticed an emperor scorpion simulacrum
   101 | Abyss:2  | Noticed a stone giant skeleton
   101 | D:1      | Escaped the Abyss
   108 | D:1      | Reached XP level 2. HP: 21/26 MP: 0/2
   114 | D:1      | Reached * piety under Lugonu
   125 | D:1      | HP: 1/26 [jackal (2)]
   128 | D:1      | Slain by a giant cockroach

Skill      XL: |  1 |
---------------+----+-----
Axes           | 2 |  2.1
Dodging        | 1 |  1.0
Fighting       | |  3.5
Armour         | |  1.9
Stealth        | |  0.2
Invocations    | |  2.0

Action                   || total
-------------------------++-------
Melee: Hand axe          ||    10
Invok: Depart the Abyss  ||     1
Evoke: Wand              ||     4
  Use: Scroll            ||     1
  Eat: Chunk             ||     4
Armor: Leather armour    ||    14
Dodge: Dodged            ||    19
